cohdb
Replays
Latest Replays
All Replays
Popular Replays
Top Player Replays
Match Explorer
How It Works
Community
CoH3 Stats
Reddit
Sign in to upload your games and track your stats! →
Sign in with Steam
Match 43992998
Unlisted
Match 43992998
Overview
Messages
Build Orders
End
Pioneer Squad
Pioneer Squad
Construct Infanterie Kompanie
MG 42 Machine Gun Team
Selects Terror Battlegroup
Selects Machine Gun Camouflage
Grenadier Squad
Grenadier Squad
MG 42 Machine Gun Team
Infanterie Officer Quarters
Construct Luftwaffe Kompanie
Kettenkrad Recon Vehicle
Flak 30 Anti-aircraft Gun Team
Selects Defend the Fatherland
Medical Bunker
Kettenkrad Recon Vehicle
Support Elements
Selects Interrogate
Wirbelwind Flakpanzer
Jäger Squad
Grenadier Squad
Selects Jericho Trumpet
MG 42 Machine Gun Team
Grenadier Squad
Wirbelwind Flakpanzer
Pioneer Squad
Pioneer Squad
Jopjahh
Viperrexe
0
0
Comments
sign in to comment!
No comments posted yet!